 Dungeon Crawl Stone Soup version 0.27-a0-668-gb5737ff2c0 (webtiles) character file.

Game seed: 2995087834759152842

21005 rjrrt the Severer (level 12, -4/110 HPs)
             Began as a Hill Orc Monk on Mar 17, 2021.
             Was a High Priest of Beogh.
             Killed from afar by a bog body (22 damage)
             ... with a bolt of cold
             ... on level 3 of the Lair of Beasts.
             The game lasted 00:40:29 (17980 turns).

rjrrt the Severer (Hill Orc Monk)                  Turns: 17980, Time: 00:40:29

Health: -4/110     AC: 20    Str: 19    XL:     12   Next: 85%
Magic:  19/19      EV:  8    Int: 10    God:    Beogh [*****.]
Gold:   1578       SH:  0    Dex: 19    Spells: 7/11 levels left

rFire    . . .     SeeInvis .   a - +1 war axe (venom)
rCold    . . .     Faith    .   (no shield)
rNeg     . . .     Spirit   .   o - +0 plate armour {rPois}
rPois    +         Reflect  .   j - +0 helmet
rElec    .         Harm     .   m - +1 cloak {Will+}
rCorr    +         Rampage  .   (no gloves)
Will     +....                  B - +1 pair of boots
Stlth    ..........             (no amulet)
HPRegen  0.28/turn              A - ring of resist corrosion
MPRegen  0.16/turn              i - +6 ring of dexterity

@: about to teleport, slowed, studying 2 skills, very slow
A: walk on water
a: Renounce Religion, Smiting, Recall Orcish Followers, Give Item to Named
Follower


You were on level 3 of the Lair of Beasts.
You worshipped Beogh.
Beogh was extremely pleased with you.
You visited 2 branches of the dungeon, and saw 14 of its levels.

You collected 1578 gold pieces.

Inventory:

Hand Weapons
 a - a +1 war axe of venom (weapon)
 b - the +6 long sword of Midsummer {vorpal, +Blink}
   (You found it on level 6 of the Dungeon)

   It inflicts extra damage upon your enemies.
   It lets you blink.
 c - the +8 spear of Doom {freeze, rElec rC+}
   (You found it on level 4 of the Dungeon)

   It has been specially enchanted to freeze those struck by it, causing extra
   injury to most foes and up to half again as much damage against particularly
   susceptible opponents.
   It can also slow down cold-blooded creatures.
   It protects you from cold.
   It insulates you from electricity.
 f - a +1 war axe of flaming
 I - a +0 battleaxe
 J - a +2 demon trident
Missiles
 g - 22 curare-tipped darts (quivered)
 w - 7 atropa-tipped darts
 N - 23 poisoned darts
Armour
 j - a +0 helmet (worn)
 m - a +1 cloak of willpower (worn)
 o - a +0 plate armour of poison resistance (worn)
 B - a +1 pair of boots (worn)
Jewellery
 i - a +6 ring of dexterity (left hand)
 k - a ring of wizardry
 t - a ring of ice
 v - a ring of willpower
 z - a ring of willpower
 A - a ring of resist corrosion (right hand)
 L - a ring of positive energy
 O - a ring of protection from fire
Wands
 n - a wand of flame (34)
 x - a wand of paralysis (14)
 y - a wand of charming (17)
 D - a wand of mindburst (27)
 G - a wand of iceblast (9)
Scrolls
 q - 6 scrolls of teleportation
 r - a scroll of brand weapon
 u - 2 scrolls of enchant weapon
 H - a scroll of identify
 K - a scroll of fog
 M - 3 scrolls of magic mapping
Potions
 d - a potion of resistance
 e - 3 potions of attraction
 h - 2 potions of berserk rage
 l - 2 potions of haste
 p - 4 potions of flight
 s - a potion of lignification
 C - 2 potions of curing
 E - 2 potions of invisibility
 F - a potion of brilliance


   Skills:
 + Level 11.1 Fighting
 * Level 15.4 Axes
 - Level 4.0 Throwing
 + Level 8.9 Armour
 + Level 4.8 Dodging
 - Level 1.5 Stealth
 + Level 9.7 Invocations
 * Level 8.9 Evocations


You had 7 spell levels left.
You knew the following spells:

 Your Spells              Type           Power      Damage    Failure   Level
a - Blink                 Tloc           N/A        N/A       100%        2
b - Swiftness             Air            0%         N/A       100%        2

Your spell library contained the following spells:

 Spells                   Type           Power      Damage    Failure   Level
 Magic Dart               Conj           0%         1d3       100%        1
 Shock                    Conj/Air       0%         1d3       100%        1
 Call Imp                 Summ           0%         N/A       100%        2
 Slow                     Hex            0%         N/A       100%        2
 Confusing Touch          Hex            0%         N/A       100%        3
 Conjure Flame            Conj/Fire      0%         6-21      100%        3
 Gell's Gravitas          Tloc           0%         N/A       100%        3
 Mephitic Cloud           Conj/Pois/Air  0%         N/A       100%        3
 Static Discharge         Conj/Air       0%         N/A       100%        3
 Airstrike                Air            0%         N/A       100%        4
 Petrify                  Tmut/Erth      0%         N/A       100%        4
 Summon Lightning Spire   Summ/Air       0%         N/A       100%        4
 Lightning Bolt           Conj/Air       0%         1d11      100%        5
 Metabolic Englaciation   Hex/Ice        0%         N/A       100%        5
 Silence                  Hex/Air        0%         N/A       100%        5
 Yara's Violent Unravell  Hex/Tmut       0%         3d3       100%        5
 Conjure Ball Lightning   Conj/Air       0%         3x3d6     100%        6
 Tornado                  Air            0%         N/A       100%        9


Dungeon Overview and Level Annotations

Branches:
Dungeon (11/15)            Temple (0/1) D:6            Lair (3/6) D:11
  Snake (0/4) Lair:2          Orc (0/2) D:11
  Swamp: Lair:2-4    Shoals: Lair:2-4

Altars:
Ashenzari
Cheibriados
Dithmenos
Elyvilon
Fedhas
Gozag
Hepliaklqana
Makhleb
Qazlal
Ru
Sif Muna
Trog
Uskayaw
Yredelemnul
Zin

Shops:
D:4 (

Annotations:
D:10 3 runed translucent doors, sahdkjhfkaj's ghost, journeyman GrFE


Message History

Anything else - Cancel.
Gang up on whom?
Press: ? - help, Dir - move target, f - electric eel
Aim: an electric eel (thin mist) Attack!
Your hellwing disappears in a puff of smoke!
Unknown command.
The bog body barely misses you.
The electric eel shoots out a bolt of lightning at you!
The bolt of electricity hits your orc sorcerer!
The bolt of electricity hits you! The bog body casts a spell at you.
You resist with almost no effort.
You slash the bog body!
The bog body is moderately damaged.
Your orc sorcerer hits the electric eel with a +0 dagger.
The bog body touches you! The bog body freezes you!!
You are too injured to fight recklessly!
You are too injured to fight recklessly!
Unknown command.
Unknown command.
You are too injured to fight recklessly!
You barely miss the bog body.
The bog body is moderately damaged.
Your orc sorcerer casts a spell at the electric eel.
The bolt of negative energy misses the electric eel.
The bog body touches you! The bog body freezes you!!
* * * LOW HITPOINT WARNING * * *
Unknown command.
Unknown command.
Okay, then.
Unknown command.
As you read the scroll of teleportation, it crumbles to dust.
You feel strangely unstable.
Your orc sorcerer hits the electric eel with a +0 dagger.
The bog body touches you but does no damage.
Your orc sorcerer completely misses the electric eel.
The bog body points at you and mumbles some strange words.
The bolt of cold hits you!!
You die...

.....###...†.P.♣♣♣♣.....#...#.##.
.....#.......P♣♣ ♣♣♣..........###
#.............♣§ ≈≈♣.##...<...##
..............♣§ .≈♣..#........#
#....##.......♣§ .≈♣.##.......##
#.<..##......♣♣≈ .;♣♣♣........#
#....##......♣♣≈♣o♣♣ #♣.......#
.....P##.....♣♣≈n.≈♣ ♣#.......##
#...§###.....♣♣≈@♣≈♣ #.........#
P....##......♣♣≈..≈♣ ♣#.......##
..#..###.....♣♣≈♣.≈♣ #.......##
..#..# #.....♣♣≈..≈♣♣♣#........#
#.#..###.....♣♣♣..≈♣♣.........##
#.#...#P......♣♣..≈♣.##......>.##
#.#...#.......♣≈†♣≈♣.##..)....#..
..†...#.......♣≈..≈♣..#..........
#....###......♣≈.♣≈♣..P..........


You could see a bog body, an electric eel (ally target) and a friendly orc
sorcerer.

Vanquished Creatures
  A hydra (Lair:3)
  2 two-headed ogres
  Urug (D:10)
  A bog body (Lair:3)
  Pikel (D:8)
  2 oklob plants (Lair:3)
  7 cane toads
  3 komodo dragons
  4 blink frogs (Lair:3)
  Prince Ribbit (D:8)
  Sigmund (D:4)
  A wyvern (D:9)
  A basilisk (Lair:3)
  13 yaks
  A swamp worm (Lair:3)
  6 water moccasins
  2 sky beasts
  2 orc warriors
  2 black bears
  6 ogres
  9 wolves
  4 centaurs
  2 phantoms
  A kobold brigand (D:4)
  A gnoll sergeant (D:11)
  7 bullfrogs
  2 scorpions
  A water moccasin skeleton (D:4)
  5 killer bees
  2 howler monkeys
  5 wights
  4 jellies
  A crimson imp (D:6)
  5 hounds
  A quasit (D:11)
  A bullfrog zombie (D:7)
  A centaur skeleton (D:4)
  An orc priest (D:7)
  A bullfrog skeleton (D:11)
  5 orc wizards
  9 worker ants
  2 hound zombies
  A worker ant zombie (D:7)
  6 gnolls
  5 adders
  4 shadow imps
  3 oozes
  An adder zombie (D:9)
  3 adder skeletons
  4 worms (D:4)
  5 dart slugs
  6 leopard geckos
  11 orcs
  2 ball pythons (D:2)
  5 giant cockroaches
  6 goblins
  9 hobgoblins
  10 jackals
  3 quokkas
  A ball python skeleton (D:4)
  5 frilled lizards
  A jackal skeleton (D:4)
  11 kobolds
  A quokka skeleton (D:9)
  9 rats
240 creatures vanquished.

Vanquished Creatures (collateral kills)
  A two-headed ogre (D:8)
  Sonja (Lair:2)
  2 oklob plants (Lair:3)
  2 black mambas
  9 cane toads
  A rime drake (Lair:1)
  A komodo dragon (Lair:1)
  A kobold demonologist (D:10)
  A polar bear (Lair:2)
  A troll (D:9)
  8 yaks
  A wraith (D:11)
  3 basilisks
  A warg (D:11)
  4 water moccasins
  An orc warrior (D:8)
  A black bear (D:11)
  2 kobold brigands
  4 bullfrogs
  A scorpion (D:11)
  3 killer bees
  An orc priest (D:7)
  An iguana (D:9)
  2 orc wizards
  An adder (D:8)
  7 orcs
  2 jackals (D:10)
  5 kobolds (D:8)
68 creatures vanquished.

Vanquished Creatures (others)
  An orc knight (Lair:3)
  An orc sorcerer (Lair:1)
  4 orc warriors
  2 orc priests
  12 orcs
  11 fungi
  34 plants
65 creatures vanquished.

Grand Total: 373 creatures vanquished

Notes
Turn   | Place    | Note
-------+----------+-------------------------------------------
     0 | D:1      | rjrrt the Hill Orc Monk began the quest for the Orb.
     0 | D:1      | Reached XP level 1. HP: 19/19 MP: 1/1
   967 | D:2      | Reached XP level 2. HP: 22/26 MP: 2/2
  1113 | D:2      | Reached skill level 5 in Axes
  1445 | D:2      | Reached XP level 3. HP: 29/31 MP: 3/3
  1596 | D:2      | Found a shadowy altar of Dithmenos.
  1597 | D:2      | Found a hazy altar of Hepliaklqana.
  1600 | D:2      | Noticed a shadow
  1681 | D:2      | Found a stormy altar of Qazlal.
  1780 | D:2      | Found a glowing silver altar of Zin.
  1780 | D:2      | Found an opulent altar of Gozag.
  1863 | D:2      | Reached skill level 6 in Axes
  1984 | D:2      | Reached XP level 4. HP: 39/39 MP: 4/4
  2734 | D:3      | Found a snail-covered altar of Cheibriados.
  2848 | D:3      | Reached skill level 7 in Axes
  3139 | D:3      | Reached XP level 5. HP: 41/46 MP: 5/5
  3212 | D:3      | You fall into a shaft and drop 3 floors!
  3214 | D:6      | Identified the +6 long sword of Midsummer {vorpal, +Blink}
  3354 | D:5      | Entered Level 5 of the Dungeon
  3462 | D:5      | Noticed a +0 short sword
  3463 | D:5      | Noticed a +0 dagger
  3463 | D:5      | Noticed a +0 falchion
  3464 | D:5      | Noticed a +0 spear
  3464 | D:5      | Noticed a +0 dagger
  3465 | D:5      | Noticed a +0 spear
  3467 | D:5      | Noticed a +0 falchion
  3469 | D:5      | Noticed a +0 short sword
  3564 | D:4      | Reached skill level 1 in Armour
  4081 | D:4      | Noticed a phantom
  4111 | D:3      | Killed a phantom
  4112 | D:3      | Reached XP level 6. HP: 10/53 MP: 6/6
  4373 | D:4      | Reached skill level 8 in Axes
  4658 | D:4      | Noticed Sigmund
  4677 | D:3      | Reached XP level 7. HP: 15/60 MP: 7/7
  4910 | D:4      | Became a worshipper of Beogh the Brigand
  4910 | D:4      | Reached * piety under Beogh
  4910 | D:4      | Reached ** piety under Beogh
  4924 | D:3      | Reached skill level 5 in Fighting
  5143 | D:4      | Killed Sigmund
  5144 | D:4      | Reached skill level 9 in Axes
  5209 | D:4      | Reached skill level 1 in Invocations
  5397 | D:4      | Reached XP level 8. HP: 60/70 MP: 7/9
  5458 | D:4      | Found a shimmering blue altar of Sif Muna.
  5655 | D:4      | Noticed a moth of wrath
  5692 | D:4      | Found a bloodstained altar of Trog.
  5723 | D:4      | Identified the +8 spear of Doom {freeze, rElec rC+}
  5896 | D:4      | Found Keulats's Weapon Shoppe.
  5978 | D:4      | Identified a scroll of acquirement
  5978 | D:4      | Acquired 798 gold pieces
  6283 | D:5      | Identified the +3 falchion "Concordance" {holy, rN+ Int+2
                  | Dex+3}
  6350 | D:5      | Found a shimmering blue altar of Sif Muna.
  6614 | D:5      | Found a hide-covered altar of Uskayaw.
  6825 | D:6      | Reached skill level 10 in Axes
  6841 | D:6      | Reached skill level 1 in Evocations
  7055 | D:6      | Found a burning altar of Makhleb.
  7070 | D:6      | Reached *** piety under Beogh
  7356 | D:6      | Found a staircase to the Ecumenical Temple.
  7764 | D:6      | Found a white marble altar of Elyvilon.
  8204 | D:7      | Reached skill level 1 in Throwing
  8286 | D:7      | Reached XP level 9. HP: 78/78 MP: 11/11
  8646 | D:7      | Found a basalt altar of Yredelemnul.
  9055 | D:7      | Reached skill level 11 in Axes
  9055 | D:7      | Reached skill level 5 in Armour
  9868 | D:8      | Noticed Pikel
  9876 | D:8      | Noticed Prince Ribbit
  9882 | D:8      | Killed Pikel
  9892 | D:8      | Reached skill level 5 in Invocations
  9915 | D:8      | Killed Prince Ribbit
 10074 | D:8      | Noticed a two-headed ogre
 10077 | D:8      | Killed a two-headed ogre
 10078 | D:8      | Reached skill level 12 in Axes
 10078 | D:8      | Reached XP level 10. HP: 88/88 MP: 13/13
 10492 | D:8      | Found a broken altar of Ashenzari.
 10667 | D:9      | Learned a level 2 spell: Blink
 10670 | D:9      | Learned a level 2 spell: Swiftness
 10717 | D:9      | Found a blossoming altar of Fedhas.
 10725 | D:9      | Noticed a two-headed ogre
 10735 | D:9      | Killed a two-headed ogre
 10895 | D:9      | Found a sacrificial altar of Ru.
 10952 | D:9      | Reached **** piety under Beogh
 11554 | D:10     | Entered Level 10 of the Dungeon
 11563 | D:10     | Reached skill level 13 in Axes
 11602 | D:10     | Found a bloodstained altar of Trog.
 11609 | D:10     | Noticed Urug
 11621 | D:10     | Killed Urug
 11775 | D:10     | Noticed a kobold demonologist
 11787 | D:10     | Killed a kobold demonologist
 11788 | D:10     | Reached skill level 5 in Evocations
 11848 | D:10     | Identified the +4 scale mail "Utap" {rF+ rCorr}
 11918 | D:10     | Found a runed translucent gate.
 11918 | D:10     | Found a runed translucent gate.
 11918 | D:10     | Found a runed translucent gate.
 11919 | D:10     | Noticed sahdkjhfkaj's ghost (journeyman GrFE)
 12493 | D:11     | Reached XP level 11. HP: 61/95 MP: 15/15
 12539 | D:11     | Found a staircase to the Lair.
 12704 | D:11     | Found a staircase to the Orcish Mines.
 13300 | D:11     | Noticed a two-headed ogre
 13309 | D:11     | Killed a two-headed ogre
 13581 | Lair:1   | Entered Level 1 of the Lair of Beasts
 13622 | Lair:1   | Gained Bolgrim as an ally
 13626 | Lair:1   | Reached ***** piety under Beogh
 14000 | Lair:1   | Reached skill level 14 in Axes
 14770 | Lair:1   | Acquired a manual of Fighting
 14772 | Lair:1   | Acquired a manual of Invocations
 15124 | Lair:2   | Found a staircase to the Snake Pit.
 15283 | Lair:2   | Killed Sonja
 15546 | Lair:2   | Reached XP level 12. HP: 99/106 MP: 17/17
 15640 | Lair:2   | Reached skill level 10 in Fighting
 16307 | Lair:3   | Noticed a six-headed hydra
 16319 | Lair:3   | Killed a one-headed hydra
 16340 | Lair:3   | Your ally Bolgrim died
 16678 | Lair:3   | Reached skill level 15 in Axes
 17980 | Lair:3   | Killed from afar by a bog body

Illustrated notes

Levels and vault maps discovered:
D:1:      ncdulo_wetmaze, layout_basic
D:2:      layout_loops_ring, riverfiend_overflow_shadow_ancestor,
          grunt_temple_overflow_gold_and_silver,
          nicolae_qazlal_scattered_showers
D:3:      layout_basic, lemuel_crystal_altar
D:4:      layout_cave_pools, tgw_trog, old_standard_altar, serial_shops, shop,
          uniq_sigmund
D:5:      layout_loops_corners, nicolae_uskayaw_en_pointe, basic_altar,
          columned_hall_lemuel, kennysheep_generic_room_7
D:6:      layout_basic, makhleb_grotto_becter, lemuel_coloured_pillars_altar,
          minmay_temple_entry_fiery, chequers_garden
D:7:      layout_basic, kennysheep_little_box
D:8:      layout_loops_ring, ashenzari_altar_1, uniq_pikel, uniq_prince_ribbit1
D:9:      layout_long_grid, nicolae_overflow_hidden_temple, marbit_many_paths,
          fedhas_altar_2
D:10:     layout_cave_pools, gammafunk_ghost_necromancy, basic_altar, uniq_urug
D:11:     layout_basic, grunt_lair_entry_orc_guard_hut, david_orc_3
Lair:1:   layout_roguey, st_stairs_4, grunt_forest_small_clearings
Lair:2:   layout_small_grid, dummy_snake_entry, infiniplex_staircase_pool,
          grunt_megastairs_5, uniq_sonja
Lair:3:   minmay_lair_oklob_tunnel, layout_long_grid,
          nicolae_swamp_entry_splash_gauntlet, kb_xom_exploding_sheep

Skill      XL: |  1  2  3  4  5  6  7  8  9 10 11 12 |
---------------+-------------------------------------+-----
Axes           | 5 6 7 8 9 10 12 13 14 15 | 15.4
Fighting       | 4 5 6 7 8 9 11 | 11.1
Armour         | 1 2 3 4 6 7 8 |  8.9
Invocations    | 1 3 5 7 9 |  9.7
Evocations     | 2 4 5 7 8 |  8.9
Throwing       | 1 3 4 |  4.0
Dodging        | 4 |  4.8
Stealth        | |  1.5

Action                   |  1- 3 |  4- 6 |  7- 9 | 10-12 || total
-------------------------+-------+-------+-------+-------++-------
Melee: Hand axe          |    93 |    44 |       |       ||   137
       Whip              |       |   130 |       |       ||   130
       War axe           |       |    48 |   298 |   443 ||   789
Throw: Dart              |     1 |       |     4 |     3 ||     8
Invok: Convert to Beogh  |       |       |     1 |       ||     1
       Give Item to Name |       |       |       |     1 ||     1
  Use: Potion            |       |     3 |       |     2 ||     5
       Scroll            |       |       |    18 |     8 ||    26
 Stab: Confused          |       |       |     2 |       ||     2
       Distracted        |       |       |     1 |     3 ||     4
       Paralysed         |       |       |       |     1 ||     1
Armor: Chain mail        |    52 |    18 |       |       ||    70
       Plate armour      |       |   113 |   167 |   240 ||   520
       Storm dragon scal |       |       |       |    37 ||    37
Dodge: Dodged            |    30 |    52 |    76 |   167 ||   325

Table legend: (Time is in decaauts)
 A = Elapsed time spent in this place.
 B = Non-inter-level travel time spent in this place.
 C = Inter-level travel time spent in this place.
 D = Time resting spent in this place.
 E = Time spent auto-exploring this place.
 F = Levels seen in this place.
 G = Mean time per level.
                   A        B        C        D        E       F      G
               +--------+--------+--------+--------+--------+-----+--------+
         Total |  17909 |  17430 |    479 |   2914 |  10859 |  14 | 1279.2 |
       Dungeon |  13578 |  13155 |    423 |   1913 |   8476 |  11 | 1234.4 |
          Lair |   4331 |   4275 |     56 |   1001 |   2383 |   3 | 1443.7 |
               +--------+--------+--------+--------+--------+-----+--------+

Top non-repeatable levels by time:
     D:3: 2193 daAuts
     D:7: 1759 daAuts
  Lair:3: 1725 daAuts
  Lair:1: 1424 daAuts
     D:2: 1351 daAuts
    D:11: 1293 daAuts
     D:4: 1250 daAuts
     D:6: 1237 daAuts
  Lair:2: 1181 daAuts
     D:1: 1026 daAuts
     D:8: 953 daAuts
     D:9: 943 daAuts
     D:5: 838 daAuts
    D:10: 732 daAuts
